 Dungeon Crawl Stone Soup version 0.28-a0-1520-gc3277d3759 (webtiles) character file.

Game seed: 1931313064623468186

97 kae the Insei (level 4, 0/32 HPs)
             Began as a Demonspawn Transmuter on Jan 17, 2022.
             Killed from afar by an orc wizard (8 damage)
             ... with a magic dart
             ... on level 5 of the Dungeon.
             The game lasted 00:02:39 (3809 turns).

kae the Insei (Demonspawn Transmuter)               Turns: 3809, Time: 00:02:40

Health: 0/32       AC:  2    Str: 10    XL:     4   Next: 42%
Magic:  7/7        EV: 12    Int: 18    God:
Gold:   17         SH:  0    Dex: 14    Spells: 3/7 levels left

rFire   . . .      SeeInvis .     - Unarmed
rCold   . . .      Faith    .   (no shield)
rNeg    . . .      Spirit   .   a - +0 robe
rPois   .          Reflect  .   (no helmet)
rElec   .          Harm     .   (no cloak)
rCorr   .          Rampage  .   (no gloves)
Will    .....                   (no boots)
Stlth   +.........              (no amulet)
HPRegen 0.10/turn               (no ring)
MPRegen 0.10/turn               (no ring)

@: on berserk cooldown, slowed, very slow
A: demonic guardian 2, big brain 1
a: no special abilities


You were on level 5 of the Dungeon.
You visited 1 branch of the dungeon, and saw 4 of its levels.

You collected 64 gold pieces.
You spent 47 gold pieces at shops.

Inventory:

Armour
 a - a +0 robe (worn)
Scrolls
 d - a scroll of teleportation {unknown}
Potions
 b - a potion of haste


   Skills:
 + Level 1.6 Fighting
 + Level 2.1 Dodging
 * Level 3.4 Unarmed Combat
 + Level 2.4 Spellcasting
 * Level 2.6 Transmutations
 * Level 1.0 Poison Magic


You had 3 spell levels left.
You knew the following spells:

 Your Spells              Type           Power      Damage    Failure   Level
a - Beastly Appendage     Tmut           22%        N/A       6%          1
b - Spider Form           Tmut/Pois      8%         N/A       24%         3

Your spell library contained the following spells:

 Spells                   Type           Power      Damage    Failure   Level
 Wereblood                Tmut           11%        N/A       9%          2
 Dazzling Flash           Conj/Hex       4%         N/A       45%         3
 Ice Form                 Ice/Tmut       6%         N/A       69%         4
 Agony                    Necr           2%         N/A       99%         5
 Silence                  Hex/Air        1%         N/A       99%         5


Dungeon Overview and Level Annotations

Branches:
Dungeon (3/15)

Altars:

Shops:
D:1 [   D:2 *


Innate Abilities, Weirdness & Mutations

A demonic guardian rushes to your aid.
You have an unusually large brain. (Int +2)


Message History

You hit the phantom.
The phantom is moderately damaged.
The phantom closely misses you.
You barely miss the phantom.
The phantom is moderately damaged.
You hit the phantom.
The phantom is heavily damaged.
The phantom barely misses you.
You barely miss the phantom.
The phantom is heavily damaged.
The orc wizard closely misses you. The phantom hits you.
The phantom blinks!
You blink.
You miss the phantom.
The phantom is heavily damaged.
The orc wizard casts a spell at you. The magic dart hits you!
The phantom hits you.
The phantom blinks!
You blink.
You hit the phantom.
The phantom is severely damaged.
You hit the phantom.
The phantom is almost destroyed.
An orc priest comes into view. It is wielding a +1 vampiric whip.
The phantom completely misses you.
You closely miss the phantom.
The phantom is almost destroyed.
You are no longer berserk.
You are exhausted.
You feel yourself slow down. The orc wizard casts a spell at you.
The magic dart hits you! The phantom barely misses you.
You miss the phantom.
The phantom is almost destroyed.
The phantom hits you.
* * * LOW HITPOINT WARNING * * *
A demonic guardian appears!
You miss the phantom.
The phantom is almost destroyed.
Your hearing returns.
The orc wizard points at you and mumbles some strange words.
The magic dart hits you!
You die...

... #... # #...
#.###### #....
#....(.#
#....####....##
#........4....#
.##...@W..##
#...o...#
#.......##
####..o..#
####.## #.# #.#
#.# #.#


You could see a phantom (ally target), an orc priest, an orc wizard and a
friendly ice devil (summoned).

Vanquished Creatures
  2 adders (D:2)
  A worm (D:2)
  2 dart slugs (D:2)
  3 orcs (D:3)
  6 ball pythons
  6 bats
  3 endoplasms
  3 goblins
  4 hobgoblins
  2 jackals (D:1)
  5 kobolds
  A frilled lizard (D:2)
  5 rats
43 creatures vanquished.

Vanquished Creatures (collateral kills)
  2 adders
  A worm (D:2)
3 creatures vanquished.

Vanquished Creatures (others)
  4 fungi (D:1)
  4 plants (D:1)
8 creatures vanquished.

Grand Total: 54 creatures vanquished

Notes
Turn   | Place    | Note
-------+----------+-------------------------------------------
     0 | D:1      | kae the Demonspawn Transmuter began the quest for the Orb.
     0 | D:1      | Reached XP level 1. HP: 15/15 MP: 3/3
   160 | D:1      | Found a faded altar of an unknown god.
   250 | D:1      | Gained mutation: A weak demonic guardian rushes to your
                  | aid. [demonic ancestry]
   250 | D:1      | Reached XP level 2. HP: 9/21 MP: 1/5
   505 | D:1      | Reached skill level 3 in Unarmed Combat
   901 | D:1      | Found Ivoumo's Armour Boutique.
  1347 | D:2      | Gained mutation: You have an unusually large brain. (Int
                  | +2) [demonic ancestry]
  1347 | D:2      | Reached XP level 3. HP: 18/26 MP: 4/6
  1351 | D:2      | Learned a level 3 spell: Spider Form
  1803 | D:2      | Found Bihabbef's Assorted Antiques.
  1814 | D:2      | Bought a bubbling black potion for 22 gold pieces
  1814 | D:2      | Bought a scroll labelled NUMNUL TUNLICW for 25 gold pieces
  2342 | D:2      | Gained mutation: A demonic guardian rushes to your aid.
                  | [demonic ancestry]
  2342 | D:2      | Reached XP level 4. HP: 14/32 MP: 7/7
  2969 | D:3      | HP: 1/32 [poisoned by an adder]
  2978 | D:3      | HP: 1/32 [poisoned by miscasting Spider Form]
  3725 | D:3      | Reached skill level 1 in Poison Magic
  3783 | D:3      | You fall into a shaft and drop 2 floors!
  3783 | D:5      | Entered Level 5 of the Dungeon
  3784 | D:5      | Noticed a phantom
  3809 | D:5      | Killed from afar by an orc wizard

Illustrated notes

Levels and vault maps discovered:
D:1:      dpeg_arrival_more_subterranean_lakeside_camping, layout_loops_ring,
          shapermc_ecumenical_altar_mp_urbaneastern, serial_shops, shop_statue,
          feat_on_display
D:2:      layout_loops_ring, serial_shops, nicolae_lakefront_shop
D:3:      minmay_chambers_of_twos, layout_basic, roderic_lattice_a
D:5:      layout_basic, grunt_decor_resistance, minivault_4, grunt_ministairs_3,
          uniq_prince_ribbit1, uniq_blork_the_orc

Skill      XL: |  1  2  3  4 |
---------------+-------------+-----
Transmutations | 2 |  2.6
Unarmed Combat | 3 |  3.4
Dodging        | 2 |  2.1
Poison Magic   | 1 |  1.0
Fighting       | |  1.6
Spellcasting   | |  2.4

Action                   |  1- 3 |  4- 6 || total
-------------------------+-------+-------++-------
Melee: Unarmed           |    82 |    53 ||   135
       Kick              |    20 |     4 ||    24
       Headbutt          |    15 |     4 ||    19
       Punch             |       |     1 ||     1
 Cast: Beastly Appendage |    23 |    11 ||    34
  Use: Scroll            |     5 |     2 ||     7
       Potion            |       |     3 ||     3
 Stab: Sleeping          |     1 |       ||     1
Armor: Robe              |    12 |     4 ||    16
Dodge: Dodged            |    62 |    39 ||   101

Table legend: (Time is in decaauts)
 A = Elapsed time spent in this place.
 B = Non-inter-level travel time spent in this place.
 C = Inter-level travel time spent in this place.
 D = Time resting spent in this place.
 E = Time spent auto-exploring this place.
 F = Levels seen in this place.
 G = Mean time per level.
                   A        B        C        D        E       F      G
               +--------+--------+--------+--------+--------+-----+--------+
         Total |   3795 |   3726 |     69 |      0 |   3280 |   4 |  948.8 |
       Dungeon |   3795 |   3726 |     69 |      0 |   3280 |   4 |  948.8 |
               +--------+--------+--------+--------+--------+-----+--------+

Top non-repeatable levels by time:
     D:2: 1659 daAuts
     D:1: 1160 daAuts
     D:3: 955 daAuts
     D:5: 21 daAuts
